 Dungeon Crawl Stone Soup version 0.28-a0-577-gb193047a1f (webtiles) character file.

Game seed: 17649082773160891336

101 demibob the Poker (level 4, 0/33 HPs)
             Began as a Merfolk Gladiator on Oct 2, 2021.
             Slain by an orc (5 damage)
             ... on level 3 of the Dungeon.
             The game lasted 00:01:59 (2313 turns).

demibob the Poker (Merfolk Gladiator)               Turns: 2313, Time: 00:01:59

Health: 0/33       AC:  4    Str: 14    XL:     4   Next: 75%
Magic:  4/4        EV: 14    Int:  7    God:
Gold:   53         SH:  0    Dex: 16    Spells: 3/3 levels left

rFire   . . .      SeeInvis .   a - +0 trident
rCold   . . .      Faith    .   (no shield)
rNeg    . . .      Spirit   .   b - +0 leather armour
rPois   .          Reflect  .   c - +0 helmet
rElec   .          Harm     .   (no cloak)
rCorr   .          Rampage  .   (no gloves)
Will    .....                   (no boots)
Stlth   +.........              (no amulet)
HPRegen 0.11/turn               (no ring)
MPRegen 0.09/turn               (no ring)

@: no status effects
A: (nimble swimmer 2), mertail
a: no special abilities


You were on level 3 of the Dungeon.
You visited 1 branch of the dungeon, and saw 3 of its levels.

You collected 53 gold pieces.


Innate Abilities, Weirdness & Mutations

((You are quick and stealthy near water. (Stealth+, EV+, Speed+++)))
Your lower body shifts to a powerful aquatic tail in water.


   Skills:
 - Level 2.1 Fighting
 + Level 6.3 Polearms
 - Level 2.0 Throwing
 + Level 5.7 Dodging


You had 3 spell levels left.
You didn't know any spells.
Your spell library contained the following spells:

 Spells                   Type           Power      Damage    Failure   Level
 Animate Skeleton         Necr           0%         N/A       52%         1
 Pain                     Necr           0%         1d4       52%         1
 Vampiric Draining        Necr           0%         2d6       87%         3

Inventory:

Hand Weapons
 a - a +0 trident (weapon)
Missiles
 d - 4 throwing nets (quivered) {=f}
Armour
 b - a +0 leather armour (worn)
 c - a +0 helmet (worn)
Magical Staves
 j - a staff of death {!a}
Scrolls
 e - a scroll of fear {unknown}
 f - 3 scrolls of magic mapping {unknown}
 i - a scroll of enchant armour {unknown}
Potions
 g - a potion of degeneration
 h - a potion of cancellation

Dungeon Overview and Level Annotations

Branches:
Dungeon (3/15)

Altars:

....# .#..## .#...# .....#
##### .###.# ..... .# #.#
#>#.# # .###.# #.#.# ...
..##.#############.#.##$...
............##..@oo......##
..##...........###.........
.##########.##.# ###.##..##
.######## #.##.# .# .
......... ..##.# o#
.#########..##.# o# ##
#...... .. ####### ##


You could see 2 orcs.


Message History

Okay, then.
You hit the orc but do no damage.
The orc wizard jeers loudly.
You puncture the orc!
You kill the orc!
You puncture the orc!
You kill the orc!
You barely miss the orc wizard.
The orc wizard is almost dead.
The orc wizard closely misses you.
You closely miss the orc wizard.
The orc wizard is almost dead.
The orc wizard hits you with a +0 dagger.
* * * LOW HITPOINT WARNING * * *
You barely miss the orc wizard.
The orc wizard is almost dead.
The orc wizard closely misses you.
You hit the orc wizard.
You kill the orc wizard!
You closely miss the orc. The orc hits you with a +0 flail!
* * * LOW HITPOINT WARNING * * *
You closely miss the orc. The orc hits you with a +0 flail.
* * * LOW HITPOINT WARNING * * *
You hit the orc.
The orc is moderately wounded.
The orc barely misses you.
You completely miss the orc.
The orc is moderately wounded.
The orc hits you with a +0 flail.
You die...

Skill      XL: |  1  2  3  4 |
---------------+-------------+-----
Polearms       | 5 6 |  6.3
Dodging        | 5 |  5.7
Fighting       | |  2.1
Throwing       | |  2.0

Action                   |  1- 3 |  4- 6 || total
-------------------------+-------+-------++-------
Melee: Trident           |   103 |    42 ||   145
  Use: Scroll            |     2 |       ||     2
 Stab: Sleeping          |     2 |       ||     2
Armor: Leather armour    |    20 |     4 ||    24
Dodge: Dodged            |    63 |    15 ||    78

Levels and vault maps discovered:
D:1:      lightli_arrival_boilingwater, layout_loops_corners,
          corexii_hall_statues_l
D:2:      minmay_evil_eye, layout_basic, hellmonk_ecumenical_altar_prayer_group
D:3:      layout_loops_ring, minmay_misc_feat_chi, minmay_unequal

Notes
Turn   | Place    | Note
-------+----------+-------------------------------------------
     0 | D:1      | demibob the Merfolk Gladiator began the quest for the Orb.
     0 | D:1      | Reached XP level 1. HP: 16/16 MP: 1/1
   392 | D:1      | Reached XP level 2. HP: 21/22 MP: 2/2
   901 | D:1      | Reached skill level 5 in Polearms
  1563 | D:2      | Reached XP level 3. HP: 27/27 MP: 3/3
  1568 | D:2      | Reached skill level 5 in Dodging
  2016 | D:2      | Reached XP level 4. HP: 33/33 MP: 4/4
  2084 | D:2      | Found a faded altar of an unknown god.
  2167 | D:3      | Reached skill level 6 in Polearms
  2313 | D:3      | Slain by an orc

Vanquished Creatures
  An orc wizard (D:3)
  2 adders (D:2)
  A worm (D:3)
  A dart slug (D:2)
  2 orcs (D:3)
  8 bats
  2 endoplasms (D:2)
  A giant cockroach (D:1)
  7 goblins
  8 hobgoblins
  4 jackals (D:2)
  2 kobolds (D:2)
  3 ball pythons
  2 frilled lizards (D:2)
  2 rats
46 creatures vanquished.

Table legend: (Time is in decaauts)
 A = Elapsed time spent in this place.
 B = Non-inter-level travel time spent in this place.
 C = Inter-level travel time spent in this place.
 D = Time resting spent in this place.
 E = Time spent auto-exploring this place.
 F = Levels seen in this place.
 G = Mean time per level.
                   A        B        C        D        E       F      G
               +--------+--------+--------+--------+--------+-----+--------+
         Total |   2315 |   2267 |     48 |    249 |   1725 |   3 |  771.7 |
       Dungeon |   2315 |   2267 |     48 |    249 |   1725 |   3 |  771.7 |
               +--------+--------+--------+--------+--------+-----+--------+

Top non-repeatable levels by time:
     D:2: 1156 daAuts
     D:1: 994 daAuts
     D:3: 164 daAuts

Table legend:
 A = Non-vault XP
 B = Vault XP
 C = Vault XP percentage of total XP
 D = Non-vault monster count
 E = Vault monster count
 F = Vault count percentage of total count
                 A         B        C        D         E       F
            +---------+---------+-------+---------+---------+-------
      Total |     116 |      29 |  20.0 |      38 |       8 |  17.4
            +---------+---------+-------+---------+---------+-------
        D:1 |      20 |       0 |   0.0 |      13 |       0 |   0.0
        D:2 |      49 |      29 |  37.2 |      21 |       8 |  27.6
        D:3 |      47 |       0 |   0.0 |       4 |       0 |   0.0
            +---------+---------+-------+---------+---------+-------
